 Dungeon Crawl Stone Soup version 0.20.1-1-g8b1a95d (webtiles) character file.

31 McKennaii the Insei (level 3, 0/23 HPs)
             Began as an Octopode Transmuter on Aug 10, 2017.
             Slain by a goblin
             ... wielding a +2 dagger of venom
              (2 damage)
             ... on level 2 of the Dungeon.
             The game lasted 00:00:53 (1063 turns).

McKennaii the Insei (Octopode Transmuter)           Turns: 1063, Time: 00:00:53

Health: 0/23       AC:  1    Str:  9    XL:     3   Next: 22%
Magic:  2/6        EV: 13    Int: 16    God:
Gold:   91         SH:  0    Dex: 12    Spells: 3/6 levels left

rFire    . . .     SeeInvis .     - Unarmed
rCold    . . .     Gourm    .   (no shield)
rNeg     . . .     Faith    .   (helmet restricted)
rPois    .         Spirit   .   (no amulet)
rElec    .         Reflect  .   (no ring)
rCorr    .         Harm     .   (no ring)
MR       .....                  (no ring)
Stlth    +++.......             (no ring)
Regen    0.1/turn               (no ring)
MPRegen  0.1/turn               (no ring)
                                (no ring)
                                (no ring)

@: lethally poisoned (0 -> -15), very slightly contaminated
A: almost no armour, stealthy swim, amphibious, 8 rings, constrict 8, camouflage
1, gelatinous body 1
a: no special abilities


You were on level 2 of the Dungeon.
You were hungry.

You visited 1 branch of the dungeon, and saw 2 of its levels.

You collected 91 gold pieces.

Inventory:

Missiles
 a - 12 arrows
Wands
 k - a wand of enslavement (3/24)
Scrolls
 d - 2 scrolls of recharging {unknown}
 e - 4 scrolls of identify {unknown}
 f - a scroll of magic mapping {unknown}
 i - 3 scrolls of teleportation {unknown}
 j - a scroll of fear {unknown}
Potions
 g - 2 potions of degeneration {unknown}
 h - a potion of flight {unknown}
Books
 b - a book of Changes

   Spells                             Type                      Level
   a - Beastly Appendage              Transmutation                1
   b - Sticks to Snakes               Transmutation                2
   c - Spider Form                    Transmutation/Poison         3
   d - Ice Form                       Ice/Transmutation            4
   e - Blade Hands                    Transmutation                5
Comestibles
 c - 3 bread rations


   Skills:
 + Level 1.0 Fighting
 + Level 2.0 Dodging
 * Level 1.5 Stealth
 * Level 3.8 Unarmed Combat
 + Level 2.1 Spellcasting
 * Level 2.0 Transmutations


You had 3 spell levels left.
You knew the following spells:

 Your Spells              Type           Power        Failure   Level  Hunger
a - Beastly Appendage     Tmut           #.....       9%          1    #......
b - Sticks to Snakes      Tmut           #.......     13%         2    ###....


Dungeon Overview and Level Annotations

Branches:
Dungeon (2/15)

Altars:


Innate Abilities, Weirdness & Mutations

You cannot wear most types of armour.
You are very stealthy in the water. (Stealth+)
You are amphibious.
You can wear up to eight rings at the same time.
You can use your tentacles to constrict eight enemies at once.
Your skin changes colour to match your surroundings (Stealth+).
Your rubbery body absorbs attacks. (AC +1, EV +1)


Message History

The goblin wields an uncursed dagger of venom.
It begins to drip with poison!
The goblin misses you.
Things that are here:
a club; a stone You closely miss the goblin.
Your grab misses the goblin.
The goblin hits you with an uncursed dagger of venom.
You are lethally poisoned!
You tentacle-slap the goblin. Your grab misses the goblin.
The goblin is moderately wounded.
* * * LOW HITPOINT WARNING * * *
You feel sick.
The goblin hits you with an uncursed dagger of venom.
* * * LOW HITPOINT WARNING * * *
You are more poisoned.
You closely miss the goblin. Your grab misses the goblin.
The goblin is moderately wounded.
* * * LOW HITPOINT WARNING * * *
You feel sick.
The goblin hits you with an uncursed dagger of venom.
You die...

######### #.......#
#........ #........ ####
#........
...###############.......#
................@g.%......
..####.....#######..######
### #.....# #..# # #.....#
...# # ####.## #.## . #.#
#.# . #.# #.# + #.# .# #.#


You could see a goblin.

Vanquished Creatures
  An adder (D:2)
  A dart slug (D:1)
  A bat (D:1)
  3 goblins
  3 hobgoblins
  3 jackals (D:1)
  A frilled lizard (D:1)
  3 kobolds
  2 rats (D:1)
18 creatures vanquished.

Notes
Turn   | Place    | Note
-------+----------+-------------------------------------------
     0 | D:1      | McKennaii the Octopode Transmuter began the quest for the Orb.
     0 | D:1      | Reached XP level 1. HP: 13/13 MP: 3/3
   195 | D:1      | Reached XP level 2. HP: 12/18 MP: 5/5
   232 | D:1      | Learned a level 2 spell: Sticks to Snakes
  1053 | D:2      | Reached skill level 1 in Stealth
  1059 | D:2      | Reached XP level 3. HP: 11/23 MP: 1/6
  1063 | D:2      | Slain by a goblin

Skill      XL: |  1  2 |
---------------+-------+-----
Stealth        | 1 |  1.5
Fighting       | |  1.0
Dodging        | |  2.0
Unarmed Combat | |  3.8
Spellcasting   | |  2.1
Transmutations | |  2.0

Action                   || total
-------------------------++-------
Melee: Unarmed           ||    54
       Constrict         ||    13
       Tentacles         ||     8
 Stab: Distracted        ||     1
       Sleeping          ||     1
Armor: Skin              ||     4
Dodge: Dodged            ||    32
